 Dungeon Crawl Stone Soup version 0.31-a0-1074-g0b22e4e0f1 (webtiles) character file.

Game seed: 15073355055480019742

29661 backslashecho the Cleaver (level 13, -11/101 HPs)
             Began as a Mummy Fighter on Dec 7, 2023.
             Was an Initiate of Gozag.
             Mangled by a seven-headed hydra (12 damage)
             ... on level 3 of the Lair of Beasts on Dec 8, 2023.
             The game lasted 01:07:44 (17971 turns).

backslashecho the Cleaver (Mummy Fighter)          Turns: 17971, Time: 01:07:45

Health: -11/101    AC: 31    Str: 24    XL:     13   Next: 16%
Magic:  13/13      EV:  7    Int:  7    God:    Gozag
Gold:   2147       SH:  5    Dex: 14    Spells: 12/12 levels left

rFire   x . .        b - +1 flail (protect)
rCold   + + .        f - -1 buckler of the Game of Life {Dex+2}
rNeg    + + +        j - +0 plate armour
rPois   ∞            (no helmet)
rElec   .            p - +1 cloak {Will+}
rCorr   .            i - +2 pair of gloves
SInv    .            w - +0 pair of boots {Fly}
Will    ++...        (no amulet) Stlth
                     d - +4 ring of protection
HPRegen 0.36/turn    h - ring of protection from cold
MPRegen 0.13/turn

%: faith
@: under a protective aura, flying
A: cold resistance 1, negative energy resistance 3, torment resistance 2, heat
vulnerability 1, in touch with death 2, no potions, faith
a: Renounce Religion, Potion Petition, Call Merchant, Bribe Branch


You were on level 3 of the Lair of Beasts.
You worshipped Gozag.
Gozag was most pleased with you.
You visited 3 branches of the dungeon, and saw 15 of its levels.

You collected 4463 gold pieces.
You spent 610 gold pieces at shops.
You paid 1706 gold pieces to Gozag.

Inventory:

Hand Weapons
 a - a +1 war axe of freezing
 b - a +1 flail of protection (weapon)
Missiles
 s - 4 poisoned darts (quivered)
Armour
 f - the -1 buckler of the Game of Life (worn) {Dex+2}
   (You found it on level 2 of the Dungeon)

   Dex+2:     It affects your dexterity (+2).
 i - a +2 pair of gloves (worn)
 j - a +0 plate armour (worn)
 p - a +1 cloak of willpower (worn)
 w - a +0 pair of boots of flying (worn)
Jewellery
 d - a +4 ring of protection (left hand)
 g - a +6 ring of intelligence
 h - a ring of protection from cold (right hand)
 m - a ring of see invisible
 u - the ring of Roalauri {rElec rCorr}
   (You acquired it on level 1 of the Lair of Beasts)

   [ring of resist corrosion]

   rElec:     It insulates you from electricity.
   rCorr:     It protects you from acid and corrosion.
Wands
 c - a wand of flame (5)
 k - a wand of mindburst (11)
Scrolls
 e - a scroll of identify
 l - a scroll of fog {unknown}
 n - a scroll of silence
 o - a scroll of enchant weapon
 q - 2 scrolls of revelation
 r - a scroll of teleportation


   Skills:
 - Level 9.0 Fighting
 * Level 14.0 Axes
 + Level 7.5 Armour
 - Level 9.0 Shields


You had 12 spell levels left.
You didn't know any spells.
Your spell library contained the following spells:

 Spells                   Type           Power      Damage    Failure   Level
 Apportation              Tloc           0%         N/A       100%        1
 Necrotise                Necr           0%         1d4       100%        1
 Sting                    Tmut/Pois      0%         1d3       100%        1
 Summon Small Mammal      Summ           0%         N/A       100%        1
 Poisonous Vapours        Pois/Air       0%         N/A       100%        2
 Call Canine Familiar     Summ           0%         N/A       100%        3
 Dazzling Flash           Conj/Hex       0%         N/A       100%        3
 Gell's Gravitas          Tloc           0%         N/A       100%        3
 Stone Arrow              Conj/Erth      0%         3d7       100%        3
 Summon Guardian Golem    Hex/Summ       0%         N/A       100%        3
 Teleport Other           Tloc           0%         N/A       100%        3
 Vampiric Draining        Necr           0%         2d6       100%        3
 Animate Armour           Summ/Erth      0%         N/A       100%        4
 Olgreb's Toxic Radiance  Pois           0%         N/A       100%        4
 Vhi's Electric Charge    Tloc/Air       0%         N/A       100%        4
 Agony                    Necr           0%         N/A       100%        5
 Arcjolt                  Conj/Air       0%         1d10      100%        5
 Silence                  Hex/Air        0%         N/A       100%        5
 Dispersal                Tloc           0%         N/A       100%        6
 Plasma Beam              Fire/Air       0%         2x1d10    100%        6
 Haunt                    Necr/Summ      0%         N/A       100%        7
 Infestation              Necr           0%         N/A       100%        8
 Lehudib's Crystal Spear  Conj/Erth      0%         10d2      100%        8
 Animate Dead             Necr           Unusable   N/A       N/A         4

Dungeon Overview and Level Annotations

Branches:
Dungeon (10/15)            Temple (1/1) D:7            Lair (4/5) D:8
 Spider (0/4) Lair:2          Orc (0/2) D:9
  Swamp: Lair:2-3    Shoals: Lair:2-3     Slime: Lair:4-5

Altars:
Ashenzari
Cheibriados
Dithmenos
Fedhas
Gozag
Hepliaklqana
Kikubaaqudgha
Makhleb
Nemelex Xobeh
Okawaru
Qazlal
Ru
Sif Muna
Trog
Uskayaw
Vehumet
Wu Jian
Xom
Yredelemnul

Shops:
D:4 [?   D:7 [

Annotations:
D:4 Sigmund
D:8 exclusion: door, Psyche
D:9 1 exclusion
Lair:1 3 runed translucent doors, exclusion: 3 doors, Hefiv's ghost, novice GnCK; Jeozxienae's ghost, journeyman OpSh


Innate Abilities, Weirdness & Mutations

You are immune to poison.
Your flesh is cold resistant. (rC+)
You are immune to negative energy. (rN+++)
You are immune to unholy pain and torment.
You are vulnerable to heat. (rF-)
You are strongly in touch with the powers of death.
You do not drink.
You have a special connection with the divine. (Faith)


Message History

You block the seven-headed hydra's attack.
The seven-headed hydra bites you but does no damage.
You block the seven-headed hydra's attack.
The seven-headed hydra bites you! x2
You take 17 damage, and have 66/101 hp.
You hit the seven-headed hydra.
The seven-headed hydra is severely wounded.
The seven-headed hydra bites you.
The seven-headed hydra barely misses you.
You block the seven-headed hydra's attack.
The seven-headed hydra bites you but does no damage. x2
You block the seven-headed hydra's attack.
The seven-headed hydra bites you but does no damage.
You take 2 damage, and have 64/101 hp.
You sock the seven-headed hydra!
The seven-headed hydra is severely wounded.
The seven-headed hydra bites you. x2
The seven-headed hydra bites you but does no damage.
The seven-headed hydra bites you!
The seven-headed hydra bites you but does no damage. x3
You take 13 damage, and have 51/101 hp.
You barely miss the seven-headed hydra.
The seven-headed hydra is severely wounded.
The seven-headed hydra bites you but does no damage. x3
The seven-headed hydra closely misses you.
The seven-headed hydra bites you!
The seven-headed hydra bites you but does no damage. x2
You take 11 damage, and have 40/101 hp.
You sock the seven-headed hydra!
The seven-headed hydra is almost dead.
The seven-headed hydra bites you but does no damage.
The seven-headed hydra bites you. The seven-headed hydra bites you!
* * * LOW HITPOINT WARNING * * *
The seven-headed hydra bites you but does no damage.
The seven-headed hydra bites you!
* * * LOW HITPOINT WARNING * * *
The seven-headed hydra bites you but does no damage. x2
You take 24 damage, and have 16/101 hp.
MASSIVE DAMAGE!!
You sock the seven-headed hydra!
The seven-headed hydra is almost dead.
The seven-headed hydra barely misses you.
The seven-headed hydra bites you but does no damage.
The seven-headed hydra bites you!
* * * LOW HITPOINT WARNING * * *
The seven-headed hydra bites you but does no damage. x2
The seven-headed hydra bites you!
* * * LOW HITPOINT WARNING * * *
The seven-headed hydra bites you!
You die...
Your body crumbles into a pile of gold.

#........D.......#.....#..#..###.
.#.....#######..##.(...###....##.
......#.##.###..###..............
#.............D.##..#...........#
>...........####.#..#.)..#######.
#...##P.P...# ###...#.+###~~~~~##
...# ######.# #.......#~≈~# #.#
#!.####D.P#..#~~~# ..
#...###@..#..#~~~# . .##
##..##.......##### # # ..#
#..###..##.....# # . #.#
##..##..####.### ### ## #.##
#..%###.# #.# #~~ P# #..# #...#
..# #.# #~~ #####.## #P.P# ..#
#.# #~≈ .##....###..P# #.. #.##
## .............# .#....#######.


You could see a seven-headed hydra.

Vanquished Creatures
  A boulder beetle (Lair:1)
  9 death yaks
  5 two-headed ogres
  Amaemon (Lair:2)
  2 cyclopes (D:10)
  5 elephants (Lair:2)
  A merfolk siren (Lair:3)
  A black mamba (Lair:2)
  An orange demon (Lair:2)
  2 cane toads
  2 rime drakes
  A komodo dragon (Lair:3)
  A meliai (Lair:2)
  2 trolls (D:10)
  6 dream sheep (Lair:3)
  16 blink frogs
  2 wraiths (D:10)
  2 wyverns
  17 yaks
  5 basilisks
  4 steam dragons
  3 vampire mosquitoes (D:10)
  An acid dragon (D:10)
  10 water moccasins
  4 orc warriors
  2 ice beasts (D:6)
  3 sky beasts (D:7)
  A black bear (D:6)
  3 ogres (D:5)
  6 wolves
  6 centaurs
  A kobold brigand (D:9)
  9 bullfrogs
  4 scorpions
  6 wights
  22 killer bees
  4 howler monkeys
  2 jellies
  2 gnoll boudas
  8 orc priests
  3 hounds
  A sleepcap (D:5)
  An iguana (D:6)
  9 orc wizards
  14 gnolls
  6 adders
  2 shadow imps
  3 white imps
  An adder zombie (D:3)
  3 worms
  2 dart slugs
  31 orcs
  7 ball pythons
  4 bats
  5 endoplasms
  6 giant cockroaches
  5 goblins
  6 hobgoblins
  8 jackals
  2 quokkas (D:2)
  A ball python zombie (D:3)
  4 frilled lizards
  16 kobolds
  5 rats
328 creatures vanquished.

Notes
Turn   | Place    | Note
-------+----------+-------------------------------------------
     0 | D:1      | backslashecho the Mummy Fighter began the quest for the
                  | Orb.
     0 | D:1      | Reached XP level 1. HP: 18/18 MP: 1/1
   181 | D:1      | Reached XP level 2. HP: 22/24 MP: 2/2
   182 | D:1      | Reached skill level 2 in Axes
   509 | D:1      | Reached XP level 3. HP: 27/29 MP: 3/3
   914 | D:2      | You fall into a shaft and drop 2 floors!
   914 | D:4      | Found Galuegg's Antique Armour Boutique.
  1068 | D:3      | Found an opulent altar of Gozag.
  1125 | D:2      | Identified the -1 buckler of the Game of Life {Dex+2}
  1230 | D:2      | Found a snail-covered altar of Cheibriados.
  1250 | D:2      | Reached XP level 4. HP: 35/35 MP: 4/4
  1998 | D:3      | Reached skill level 3 in Axes
  2145 | D:3      | Found a shimmering blue altar of Sif Muna.
  2644 | D:3      | Found a basalt altar of Yredelemnul.
  3006 | D:4      | Found Vigabeh's Magic Scroll Shop.
  3080 | D:4      | Noticed Sigmund
  3114 | D:5      | Entered Level 5 of the Dungeon
  3114 | D:5      | Noticed an ogre
  3282 | D:5      | Found a snail-covered altar of Cheibriados.
  3348 | D:5      | Reached XP level 5. HP: 37/42 MP: 5/5
  3370 | D:5      | Noticed an ogre
  3386 | D:5      | Killed an ogre
  3387 | D:5      | Reached XP level 6. HP: 13/48 MP: 6/6
  3533 | D:5      | Reached skill level 4 in Axes
  3949 | D:5      | Reached XP level 7. HP: 41/55 MP: 7/7
  4077 | D:4      | Found a radiant altar of Vehumet.
  4255 | D:5      | Reached skill level 5 in Fighting
  4255 | D:5      | Reached skill level 5 in Axes
  4542 | D:5      | Found a broken altar of Ashenzari.
  4906 | D:3      | Became a worshipper of Gozag Ym Sagoz the Greedy
  5114 | D:6      | Reached XP level 8. HP: 29/63 MP: 8/8
  5289 | D:6      | Reached skill level 6 in Axes
  5500 | D:6      | Reached skill level 5 in Shields
  5670 | D:6      | Reached skill level 7 in Axes
  5965 | D:6      | Reached XP level 9. HP: 67/71 MP: 9/9
  6406 | D:7      | Found Amexiw's Antique Armour Boutique.
  7688 | D:7      | Reached skill level 8 in Axes
  7811 | D:7      | Found a staircase to the Ecumenical Temple.
  7817 | Temple   | Entered the Ecumenical Temple
  7862 | D:8      | Noticed a two-headed ogre
  7877 | D:7      | Killed a two-headed ogre
  8181 | D:8      | Found a staircase to the Lair.
  8298 | D:8      | Reached XP level 10. HP: 55/80 MP: 10/10
  8476 | D:8      | Noticed a two-headed ogre
  8971 | D:8      | Killed a two-headed ogre
  8972 | D:8      | Reached skill level 9 in Axes
  9142 | D:8      | Identified the +11 dagger of the Blushing Dragonfly
                  | {protect, Int+2}
  9189 | D:8      | Paralysed by a centaur for 4 turns
  9199 | D:8      | Paralysed by a centaur for 5 turns
  9453 | D:9      | Noticed Psyche
 10331 | D:9      | Found a staircase to the Orcish Mines.
 10705 | D:9      | Reached skill level 10 in Axes
 10911 | D:9      | Found a hide-covered altar of Uskayaw.
 11107 | D:8      | Noticed a two-headed ogre
 11212 | D:4      | Bought a runed cloak for 157 gold pieces
 11212 | D:4      | Bought a pair of glowing boots for 157 gold pieces
 11354 | D:4      | Bought a scroll of teleportation for 33 gold pieces
 11354 | D:4      | Bought a scroll of blinking for 82 gold pieces
 11354 | D:4      | Bought a scroll of teleportation for 33 gold pieces
 11354 | D:4      | Bought a scroll of teleportation for 33 gold pieces
 11354 | D:4      | Bought a scroll of blinking for 82 gold pieces
 11354 | D:4      | Bought a scroll of teleportation for 33 gold pieces
 11495 | D:10     | Entered Level 10 of the Dungeon
 11718 | D:10     | Reached XP level 11. HP: 38/89 MP: 11/11
 11902 | D:10     | Identified the +4 dagger of the Apocalypse {antimagic,
                  | +Blink rN+}
 12084 | D:10     | Noticed a two-headed ogre
 12102 | D:10     | Killed a two-headed ogre
 12132 | D:10     | Noticed a two-headed ogre
 12179 | D:10     | Killed a two-headed ogre
 12229 | D:10     | Reached skill level 11 in Axes
 12623 | D:10     | Noticed a tengu warrior
 12658 | D:10     | Noticed a cyan very ugly thing
 12772 | D:8      | Killed a two-headed ogre
 13193 | Lair:1   | Entered Level 1 of the Lair of Beasts
 13465 | Lair:1   | Noticed a boulder beetle
 13835 | Lair:1   | Killed a boulder beetle
 13836 | Lair:1   | Reached skill level 5 in Armour
 13836 | Lair:1   | Reached XP level 12. HP: 51/95 MP: 12/12
 14089 | Lair:1   | Found a runed translucent gate.
 14089 | Lair:1   | Found a runed translucent gate.
 14089 | Lair:1   | Found a runed translucent gate.
 14090 | Lair:1   | Noticed Jeozxienae's ghost (journeyman OpSh)
 14168 | Lair:1   | Noticed Hefiv's ghost (novice GnCK)
 14285 | Lair:2   | Noticed Amaemon
 14295 | Lair:1   | Reached skill level 12 in Axes
 14417 | Lair:2   | Noticed a death yak
 14424 | Lair:2   | Noticed a death yak
 14426 | Lair:2   | Noticed a death yak
 14566 | Lair:2   | Killed Amaemon
 14569 | Lair:2   | HP: 4/95 [orange demon[Amaemon] (5)]
 15054 | Lair:2   | Found a hole to the Spider Nest.
 15140 | Lair:2   | Noticed a death yak
 15140 | Lair:2   | Noticed a death yak
 15140 | Lair:2   | Noticed a death yak
 15140 | Lair:2   | Noticed a death yak
 15204 | Lair:1   | Killed a death yak
 15276 | Lair:1   | Identified 3 scrolls of acquirement
 15278 | Lair:1   | Acquired 485 gold pieces
 15280 | Lair:1   | Acquired the ring of Roalauri {rElec rCorr}
 15282 | Lair:1   | Acquired 1317 gold pieces
 15544 | Lair:2   | Killed a death yak
 15720 | Lair:2   | Noticed a death yak
 15750 | Lair:2   | Noticed a death yak
 15754 | Lair:2   | Killed a death yak
 15822 | Lair:1   | Killed a death yak
 15920 | Lair:1   | Killed a death yak
 15921 | Lair:1   | Reached skill level 13 in Axes
 16287 | Lair:2   | Killed a death yak
 16330 | Lair:1   | Killed a death yak
 16377 | Lair:1   | Killed a death yak
 16937 | Lair:2   | Killed a death yak
 17394 | Lair:3   | Noticed an eight-headed hydra
 17452 | Lair:3   | Gained mutation: You are strongly in touch with the powers
                  | of death. [Mummy growth]
 17452 | Lair:3   | Reached XP level 13. HP: 96/101 MP: 13/13
 17586 | Lair:3   | You are sucked into a shaft and drop 1 floor!
 17668 | Lair:3   | Reached skill level 14 in Axes
 17971 | Lair:3   | HP: 1/101 [seven-headed hydra (8)]
 17971 | Lair:3   | Mangled by a seven-headed hydra

Illustrated notes

Levels and vault maps discovered:
D:1:      dpeg_chamrin_arrival_tetris, layout_basic, minmay_strange_pillars
D:2:      layout_basic, basic_altar, roderic_three_in_a_row
D:3:      layout_loops_ring, marbit_many_paths, lemuel_zombie_altar_yredelemnul,
          grunt_gozag_statues, chequers_serial_rivers_micro_c,
          grunt_ministairs_14
D:4:      layout_basic, lemuel_crystal_altar, serial_shops,
          nicolae_shop_advertising_works [nicolae_subvault_shop_adworks], shop,
          uniq_sigmund
D:5:      layout_loops_ring, evilmike_ruin_ashenzari, cheibrodos_worm_habitat
D:6:      layout_gridville, tso_oasis_becter
D:7:      layout_loops_cross, minmay_temple_entry_fiery, serial_shops,
          nicolae_shop_hallway_plus
D:8:      minmay_the_grid_square_5x5_3x3 [minmay_the_grid_square_5x5_spiral,
          minmay_the_grid_square_5x5_pentomino_r,
          minmay_the_grid_square_5x5_inset,
          minmay_the_grid_square_5x5_almost_minimal,
          minmay_the_grid_square_5x5_megaprize_hollow,
          minmay_the_grid_square_5x5_dogpile,
          minmay_the_grid_square_5x5_checkered,
          minmay_the_grid_square_5x5_checkered_statues,
          minmay_the_grid_square_5x5_two_walls_b], layout_rooms,
          small_statue_intersection
D:9:      layout_rooms, mainiacjoe_overflow_alcove_2, david_orc_2, uniq_psyche
D:10:     nzn_winding_woodlands_small [nzn_winding_woodlands_5x15_pool,
          nzn_winding_woodlands_center_pierced_h,
          nzn_winding_woodlands_5x15_eye], layout_cave_pools,
          kennysheep_minor_cross, hellmonk_guarded_unrand_frostbite
Temple:   eino_temple_lava
Lair:1:   layout_misc_corridors, gammafunk_ghost_cemetery, nzn_sisyphean_effort,
          serial_bayou_shore_b
Lair:2:   layout_roguey, hellmonk_spider_entry_not_the_bees, basic_altar,
          uniq_amaemon
Lair:3:   layout_loops_ring, elwin_shoals_entry_rooms, serial_bayou_shore_a
Lair:4:   layout_regular_city, serial_bayou_ford_a, columned_hall_lemuel,
          serial_bayou_shore_b, grunt_megastairs_2, uniq_sonja

Skill      XL: |  1  2  3  4  5  6  7  8  9 10 11 12 13 |
---------------+----------------------------------------+-----
Axes           | 2 3 4 5 7 8 10 11 13 14 | 14.0
Shields        | 3 4 5 6 7 8 9 |  9.0
Fighting       | 4 5 6 7 9 |  9.0
Armour         | 5 7 |  7.5

Action                     |  1- 3 |  4- 6 |  7- 9 | 10-12 | 13-15 || total
---------------------------+-------+-------+-------+-------+-------++-------
  Melee: War axe           |   129 |   149 |   368 |   770 |    65 ||  1481
         Flail             |       |       |       |       |     8 ||     8
  Throw: Javelin           |       |       |       |     6 |     1 ||     7
         Dart              |       |       |       |    10 |       ||    10
 Invoke: Potion Petition   |       |       |       |     3 |       ||     3
  Evoke: Wand              |       |     6 |    15 |    33 |       ||    54
    Use: Scroll            |       |     3 |     1 |    19 |       ||    23
   Stab: Invisible         |       |       |     3 |     1 |       ||     4
         Distracted        |       |       |       |     2 |       ||     2
         Paralysed         |       |       |       |    14 |       ||    14
 Armour: Scale mail        |    87 |       |       |       |       ||    87
         Plate armour      |       |   119 |   494 |   756 |    78 ||  1447
         Chain mail        |       |    41 |       |       |       ||    41
  Dodge: Dodged            |    65 |    43 |   129 |   195 |    18 ||   450
  Block: Buckler           |    30 |    18 |    81 |   169 |    11 ||   309

Table legend: (Time is in decaauts)
 A = Elapsed time spent in this place.
 B = Non-inter-level travel time spent in this place.
 C = Inter-level travel time spent in this place.
 D = Time resting spent in this place.
 E = Time spent auto-exploring this place.
 F = Levels seen in this place.
 G = Mean time per level.
                   A        B        C        D        E       F      G
               +--------+--------+--------+--------+--------+-----+--------+
         Total |  18132 |  16631 |   1501 |   5651 |   6122 |  15 | 1208.8 |
       Dungeon |  13438 |  12132 |   1306 |   4015 |   4768 |  10 | 1343.8 |
        Temple |      1 |      1 |      0 |      0 |      0 |   1 |    1.0 |
          Lair |   4692 |   4498 |    194 |   1636 |   1353 |   4 | 1173.0 |
               +--------+--------+--------+--------+--------+-----+--------+

Top non-repeatable levels by time:
  Lair:2: 2244 daAuts
  Lair:1: 1921 daAuts
     D:6: 1848 daAuts
     D:9: 1769 daAuts
     D:5: 1734 daAuts
     D:8: 1690 daAuts
     D:7: 1603 daAuts
    D:10: 1187 daAuts
     D:3: 1109 daAuts
     D:2: 936 daAuts
     D:1: 879 daAuts
     D:4: 679 daAuts
  Lair:3: 513 daAuts
  Lair:4: 11 daAuts
  Temple: 1 daAuts
